 Dungeon Crawl Stone Soup version 0.21.0-3-g78d12a8 (webtiles) character file.

121 shmeve the Skirmisher (level 4, -10/52 HPs)
             Began as a Vampire Berserker on Jan 16, 2018.
             Was a Believer of Trog.
             Mangled by Crazy Yiuf
             ... wielding a +3 quarterstaff of chaos
              (14 damage)
             ... on level 2 of the Dungeon.
             The game lasted 00:03:44 (1642 turns).

shmeve the Skirmisher (Vampire Berserker)           Turns: 1642, Time: 00:03:45

Health: -10/52     AC:  7    Str: 22    XL:     4   Next: 77%
Magic:  4/4        EV: 12    Int: 15    God:    Trog [**....]
Gold:   123        SH:  0    Dex: 13    Spells: 3/3 levels left

rFire    . . .     SeeInvis +   a - +0 hand axe
rCold    . . .     Gourm    .   (no shield)
rNeg     + . .     Faith    .   d - +0 ring mail
rPois    .         Spirit   .   (no helmet)
rElec    .         Reflect  .   l - +1 cloak
rCorr    .         Harm     .   (no gloves)
MR       .....                  (no boots)
Stlth    ..........             (no amulet)
HPRegen  0.17/turn              i - +6 ring of intelligence
MPRegen  0.09/turn              (no ring)

@: berserking, slowed
A: fangs 3, see invisible, unbreathing
a: Bat Form, Berserk, Trog's Hand, Burn Spellbooks, Renounce Religion


You were on level 2 of the Dungeon.
You worshipped Trog.
Trog was pleased with you.
You were not thirsty.

You visited 1 branch of the dungeon, and saw 2 of its levels.

You collected 123 gold pieces.

Inventory:

Hand Weapons
 a - a +0 hand axe (weapon)
Armour
 d - a +0 ring mail (worn)
 l - a +1 cloak (worn)
Jewellery
 i - a +6 ring of intelligence (left hand)
Scrolls
 e - 2 scrolls of identify {unknown}
 f - a scroll of magic mapping {unknown}
 h - 5 scrolls of enchant armour {unknown}
 j - a scroll of enchant weapon {unknown}
 k - 5 scrolls of fog {unknown}
 m - a scroll of noise {unknown}
Potions
 b - 2 potions of brilliance {unknown}
 c - 11 potions of blood
 g - a potion of cancellation {unknown}


   Skills:
 * Level 3.5 Fighting
 * Level 3.5 Axes
 + Level 2.0 Armour
 + Level 2.9 Dodging
 + Level 2.4 Stealth


You had 3 spell levels left.
You didn't know any spells.

Dungeon Overview and Level Annotations

Branches:
Dungeon (2/15)

Altars:
Makhleb

Annotations:
D:2 Crazy Yiuf


Innate Abilities, Weirdness & Mutations

You have razor-sharp teeth.
You have supernaturally acute eyesight. (SInv)
You can survive without breathing.


Message History

Crazy Yiuf hits you with a quarterstaff of chaos.
Crazy Yiuf freezes you.
Crazy Yiuf hits you with a quarterstaff of chaos.
Crazy Yiuf freezes you.
Crazy Yiuf zaps a wand.
The puff of flame hits you!
* * * LOW HITPOINT WARNING * * *
It is a wand of flame (24).
There is an open door here.
A red film seems to cover your vision as you go berserk!
You feel yourself moving faster!
You feel mighty!
You feel a lot more thirsty.
Crazy Yiuf zaps a wand.
The puff of flame hits you!
You hit Crazy Yiuf. Your bite misses Crazy Yiuf.
Crazy Yiuf is moderately wounded.
Crazy Yiuf barely misses you.
You barely miss Crazy Yiuf.
Crazy Yiuf is moderately wounded.
Crazy Yiuf hits you with a quarterstaff of chaos!
* * * LOW HITPOINT WARNING * * *
You are electrocuted!
You die...

#.######'#####..###.# #.#.# #.#
#...................# #.#.# #.#
########.######.###.# #.#.# #.)
###.# ### ### ### #.#.#######
....# #.#.#...... ....#
#.#.#...... ....#####♣♣ #####
#.#.#...... ....##...P♣♣ ♣♣#..)#
###.#...... ....#......♣♣♣♣.@g..#
#.#...... ....#....P..♣..♣#...#
#.#...... ......#....♣.♣♣♣#####
#.#...... ......###♣♣♣♣♣
#.#...... ##.....# #.#......
.#.....# ########.#......
.#####.###########.>.............
.# #...........................
.# ###.............)......(....


You could see Crazy Yiuf.

Vanquished Creatures
  A hound (D:2)
  Terence (D:2)
  2 adders (D:2)
  2 worms (D:2)
  A dart slug (D:2)
  A leopard gecko (D:2)
  5 goblins
  3 hobgoblins
  4 jackals (D:2)
  2 quokkas (D:2)
  8 bats
  3 frilled lizards
  5 kobolds
  3 rats
41 creatures vanquished.

Notes
Turn   | Place    | Note
-------+----------+-------------------------------------------
     0 | D:1      | shmeve the Vampire Berserker began the quest for the Orb.
     0 | D:1      | Reached XP level 1. HP: 17/17 MP: 1/1
   407 | D:1      | Reached XP level 2. HP: 23/23 MP: 2/2
   626 | D:2      | Reached skill level 1 in Stealth
   698 | D:2      | Found a runed door.
   791 | D:2      | Reached XP level 3. HP: 29/29 MP: 3/3
   794 | D:2      | Reached ** piety under Trog
  1305 | D:2      | Noticed Terence
  1316 | D:2      | Killed Terence
  1316 | D:2      | Reached XP level 4. HP: 8/35 MP: 4/4
  1453 | D:2      | Found a burning altar of Makhleb.
  1633 | D:2      | Noticed Crazy Yiuf
  1642 | D:2      | Mangled by Crazy Yiuf

Skill      XL: |  1  2  3  4 |
---------------+-------------+-----
Axes           | 3 |  3.5
Stealth        | 1 2 |  2.4
Fighting       | 3 |  3.5
Armour         | 2 |  2.0
Dodging        | |  2.9

Action                   |  1- 3 |  4- 6 || total
-------------------------+-------+-------++-------
Melee: Hand axe          |   116 |    25 ||   141
       Bite              |    12 |       ||    12
Invok: Berserk           |     1 |     1 ||     2
  Use: Potion            |     9 |       ||     9
Armor: Ring mail         |    78 |    16 ||    94
Dodge: Dodged            |   102 |    14 ||   116
